Map: Nightshade LE

Players

AfreecaDRG (DRG)

  • Race: Zerg Zerg
  • Spawn Location: 5:00

Zest - Winner!

  • Race: Protoss Protoss
  • League: Master
  • Spawn Location: 11:00

Event: Shopify TSL 5

VOD

Have the link to the VOD?

Description

Time

  • Played on: May 24, 2020, 10:31 a.m.
  • Length: 10:08

All games in this series

Show
View Real Time Build Order
Export as new Build Order

AfreecaDRG Zerg 

Build Orders: Hatch First 

Get SALT Encoding   

  12  0:00  Drone  
  13  0:08  Drone  
  14  0:32  Hatchery  
  14  0:35  Drone  
  14  0:44  Overlord  
  14  0:49  Extractor  
  14  0:50  Drone  
  15  1:02  Drone x2  
  17  1:08  Drone  
  18  1:16  Spawning Pool  
  18  1:17  Extractor  
  16  1:20  Drone  
  17  1:29  Drone  
  19  1:40  Drone  
  19  1:46  Drone  
  20  1:51  Overlord  
  20  2:02  Queen, Drone  
  20  2:05  Queen  
  20  2:07  Zergling x2  
  20  2:08  Zergling x2  
  27  2:11  Drone  
  28  2:17  Drone  
  29  2:23  Metabolic Boost  
  29  2:24  Drone  
  30  2:30  Drone  
  31  2:43  Hatchery  
  30  2:47  Drone x2  
  30  2:48  Drone  
  33  2:55  Queen  
  35  2:59  Overlord  
  35  3:02  Drone  
  36  3:07  Overlord  
  36  3:18  Drone  
  36  3:19  Drone x4  
  41  3:25  Drone  
  42  3:27  Drone  
  42  3:30  Queen  
  42  3:31  Drone  
  46  3:35  Roach Warren  
  46  3:38  Drone  
  46  3:42  Drone  
  46  3:43  Drone x3  
  50  3:51  Overlord  
  50  3:55  Zergling x4  
  52  4:01  Zergling x2  
  53  4:04  Zergling x6  
  53  4:07  Zergling x4  
  58  4:13  Overlord x2  
  58  4:17  Spore Crawler  
  57  4:19  Spore Crawler  
  57  4:20  Spore Crawler  
  57  4:22  Roach x3  
  63  4:24  Roach  
  63  4:29  Roach  
  63  4:31  Overlord  
  65  4:33  Roach  
  67  4:41  Roach x3  
  67  4:45  Zergling x8  
  75  4:49  Roach  
  75  4:50  Zergling x2  
  78  4:57  Zergling x10  
  79  5:02  Zergling x2  
  79  5:04  Roach  
  74  5:07  Queen  
  74  5:11  Zergling x4  
  75  5:16  Roach  
  77  5:22  Roach  
  79  5:29  Drone x3  
  79  5:30  Drone  
  83  5:37  Drone  
  84  5:43  Drone x2  
  84  5:45  Extractor  
  84  5:46  Queen x2, Extractor  
  84  5:48  Overlord  
  86  5:50  Drone  
  86  5:54  Lair  
  86  5:55  Drone x2  
  86  5:56  Drone  
  90  5:57  Overlord  
  90  6:02  Overlord  
  90  6:03  Overlord  
  88  6:05  Zergling x2  
  88  6:09  Zergling x6  
  89  6:15  Evolution Chamber, Overlord  
  89  6:16  Overlord  
  88  6:20  Drone  
  88  6:23  Drone x4  
  93  6:30  Drone  
  94  6:33  Drone  
  94  6:34  Drone x3  
  94  6:39  Drone x2  
  100  6:40  Zerg Missile Weapons Level 1  
  100  6:46  Hatchery  
  99  6:48  Drone  
  99  6:49  Drone  
  99  6:50  Extractor  
  99  6:51  Drone x4  
  99  6:52  Extractor  
  103  6:55  Glial Reconstitution  
  103  6:56  Overseer  
  103  7:10  Drone  
  103  7:11  Overlord x2  
  103  7:15  Overlord  
  104  7:20  Roach  
  104  7:21  Roach x6  
  118  7:29  Roach x2  
  121  7:30  Overlord x5  
  121  7:34  Drone  
  122  7:40  Roach x2  
  124  7:46  Roach  
  124  7:50  Roach x5  
  123  7:53  Roach  
  123  7:54  Roach x2  
  122  8:02  Roach x3  
  117  8:06  Roach  
  102  8:14  Roach x2  
  102  8:25  Drone x2  
  93  8:31  Overseer  
  87  8:43  Roach  
  87  8:44  Roach x3  
  90  8:49  Overseer  
  90  8:55  Roach x2  
  93  9:11  Ravager  
  93  9:17  Zergling x8, Ravager  
  95  9:22  Zergling x2  
  95  9:23  Zergling x2  
  101  9:27  Ravager  
  101  9:28  Zergling x2  
  93  9:45  Roach x2  
Show
View Real Time Build Order
Export as new Build Order

Zest Protoss - Winner!

Build Orders: 1 Gate Expand, Archon Immortal, Mass Adepts 

Get SALT Encoding   

  12  0:00  Probe  
  13  0:12  Probe  
  14  0:19  Pylon  
  14  0:24  Probe  
  15  0:37  Probe (Chrono Boost)  
  15  0:40  Gateway  
  16  0:47  Probe (Chrono Boost)  
  17  0:50  Assimilator  
  17  0:52  Probe (Chrono Boost)  
  18  1:04  Probe  
  19  1:16  Probe  
  20  1:25  Nexus  
  20  1:34  Cybernetics Core  
  20  1:37  Probe  
  21  1:42  Assimilator  
  21  1:49  Probe  
  21  1:51  Pylon  
  23  2:01  Probe (Chrono Boost)  
  23  2:07  Adept (Chrono Boost)  
  23  2:11  Warp Gate  
  23  2:13  Probe (Chrono Boost)  
  26  2:21  Probe (Chrono Boost), Twilight Council  
  27  2:27  Probe  
  28  2:33  Stalker  
  30  2:37  Probe  
  30  2:39  Probe  
  32  2:47  Robotics Facility  
  32  2:49  Probe  
  33  2:54  Probe  
  34  3:02  Resonating Glaives (Chrono Boost), Probe, Gateway  
  35  3:09  Probe  
  36  3:14  Probe  
  36  3:15  Adept  
  39  3:27  Gateway  
  39  3:28  Gateway  
  39  3:34  Warp Prism (Chrono Boost)  
  41  3:41  Pylon  
  41  3:43  Probe  
  41  3:45  Probe  
  43  3:48  Pylon  
  43  3:55  Probe  
  44  3:57  Probe  
  44  4:01  Adept x2  
  49  4:04  Pylon  
  49  4:06  Observer  
  49  4:08  Probe  
  49  4:09  Probe  
  52  4:15  Assimilator  
  52  4:23  Adept  
  52  4:24  Adept x3  
  58  4:29  Probe  
  58  4:30  Probe  
  62  4:31  Pylon  
  62  4:44  Adept  
  62  4:45  Adept x3  
  70  4:58  Probe x2  
  58  5:07  Adept x4  
  58  5:10  Probe  
  61  5:15  Probe  
  61  5:17  Assimilator  
  61  5:19  Pylon  
  62  5:22  Probe  
  63  5:30  Dark Shrine  
  63  5:32  Adept  
  63  5:33  Adept x3  
  71  5:52  Probe x2  
  73  5:57  Adept x2  
  73  5:58  Adept, Pylon  
  73  5:59  Adept  
  75  6:14  Nexus  
  75  6:19  Adept  
  75  6:20  Adept x3  
  83  6:26  Pylon  
  83  6:27  Observer  
  83  6:37  Pylon  
  83  6:42  Observer, Dark Templar x4  
  83  6:46  Archon x2  
  91  6:53  Pylon, Shield Battery  
  91  7:00  Gateway  
  91  7:02  Gateway  
  91  7:05  Adept  
  91  7:06  Adept x3  
  99  7:20  Pylon  
  99  7:21  Charge  
  99  7:28  Adept x4  
  99  7:29  Probe x2  
  109  7:41  Probe x2  
  107  7:57  Probe x2  
  95  8:01  Adept x5  
  95  8:02  Adept, Probe  
  104  8:09  Probe  
  104  8:12  Immortal (Chrono Boost), Probe  
  102  8:14  Probe  
  97  8:21  Probe  
  88  8:29  Dark Templar x5  
  92  8:43  Immortal (Chrono Boost)  
  94  8:57  Assimilator  
  94  8:59  Assimilator  
  94  9:07  Adept x2, Immortal (Chrono Boost)  
  94  9:08  Adept x4  
  110  9:28  Zealot x6  
  120  9:32  Gateway  
  120  9:33  Gateway  
  120  9:35  Immortal (Chrono Boost)  
  114  9:38  Archon  
  114  9:39  Archon  
  108  9:49  Zealot x6  
Tags
 
Add a new tag
Caveats
  • Supply blocks, unpowered buildings, or Contaminate may cause inaccurate times.
  • Supply counts are checked every 10 seconds.